 Dungeon Crawl Stone Soup version 0.30-a0-782-ge64f9170bb (webtiles) character file.

Game seed: 15554437674337199483

584 funkygono the Firebug (level 7, -2/38 HPs)
             Began as a Gargoyle Fire Elementalist on Feb 24, 2023.
             Slain by Duvessa
             ... wielding a +1 short sword of flaming
              (3 damage)
             ... on level 4 of the Dungeon.
             The game lasted 00:05:22 (3334 turns).

funkygono the Firebug (Gargoyle Fire Elementalist)  Turns: 3334, Time: 00:05:22

Health: -2/38      AC: 13    Str: 12    XL:     7   Next: 37%
Magic:  0/13       EV: 12    Int: 17    God:
Gold:   184        SH:  0    Dex: 10    Spells: 8/15 levels left

rFire   . . .      SeeInvis .    g - +1 whip (heavy)
rCold   . . .      Faith    .    (no shield)
rNeg    + . .      Spirit   .    a - +0 robe
rPois   ∞          Reflect  .    o - +0 helmet
rElec   +          Harm     .    (no cloak)
rCorr   .          Rampage  .    (no gloves)
Will    .....                    n - +1 pair of boots
Stlth   ++                       (no amulet)
HPRegen 0.26/turn                f - +4 ring of protection
MPRegen 0.13/turn                i - ring of wizardry

@: invisible
A: sickness immunity, AC +4, negative energy resistance 1, electricity
resistance, torment resistance 1, petrification resistance
a: no special abilities


You were on level 4 of the Dungeon.
You visited 1 branch of the dungeon, and saw 4 of its levels.

You collected 184 gold pieces.

Inventory:

Hand Weapons
 e - the +1 war axe of Geohad {antimagic, rF- rCorr Int+3}
   (You found it on level 3 of the Dungeon)

   Int:       It affects your intelligence (+3).
   rF:        It makes you vulnerable to fire.
   rCorr:     It protects you from acid and corrosion.
 g - a +1 heavy whip (weapon)
Armour
 a - a +0 robe (worn)
 n - a +1 pair of boots (worn)
 o - a +0 helmet (worn)
Jewellery
 f - a +4 ring of protection (left hand)
 i - a ring of wizardry (right hand)
Scrolls
 b - a scroll of fog {unknown}
 c - a scroll of identify
 j - a scroll of poison
Potions
 d - a potion of invisibility
 h - 4 potions of curing {unknown}
 k - a potion of lignification
 l - a potion of mutation {unknown}
 m - a potion of ambrosia {unknown}
 p - a potion of haste {unknown}


   Skills:
 + Level 1.1 Fighting
 + Level 0.8 Maces & Flails
 + Level 2.3 Dodging
 - Level 2.1 Stealth
 + Level 4.5 Spellcasting
 + Level 3.4 Conjurations
 + Level 5.3 Fire Magic


You had 8 spell levels left.
You knew the following spells:

 Your Spells              Type           Power      Damage    Failure   Level
a - Foxfire               Conj/Fire      72%        2x1d7     1%          1
b - Scorch                Fire           44%        2d7       1%          2
c - Flame Wave            Conj/Fire      18%        2d7       10%         4

Your spell library contained the following spells:

 Spells                   Type           Power      Damage    Failure   Level
 Inner Flame              Hex/Fire       12%        N/A       6%          3
 Kindle Blastsparks       Fire/Tloc/Air  18%        2d11      9%          3


Dungeon Overview and Level Annotations

Branches:
Dungeon (4/15)
 Temple: D:4-7

Altars:
Makhleb

Shops:
D:2 (

Annotations:
D:4 Duvessa


Innate Abilities, Weirdness & Mutations

You are immune to sickness and miasma.
Your stone body is resilient. (AC +4)
You are immune to poison.
You resist negative energy. (rN+)
You are resistant to electric shocks. (rElec)
You are resistant to unholy torment.
You are immune to petrification.


Message History

Flames lash Duvessa.
Duvessa is burned terribly!
Duvessa is severely wounded.
Duvessa hits you but does no damage. Duvessa barely misses you.
Casting: Scorch (safe; 1% risk of failure)
Confirm with . or Enter, or press ? or * to list all spells.
Flames lash Duvessa.
Duvessa is severely wounded.
Duvessa misses you.
You hit Duvessa.
Duvessa is almost dead.
Duvessa hits you with a +1 short sword of flaming.
Duvessa burns you. Duvessa barely misses you.
You hit Duvessa but do no damage.
Duvessa is almost dead.
Duvessa closely misses you.
Duvessa hits you with a +1 short sword of flaming.
Duvessa burns you.
Duvessa hits you with a +1 short sword of flaming.
* * * LOW HITPOINT WARNING * * *
Duvessa burns you.
* * * LOW HITPOINT WARNING * * *
Casting: Scorch (safe; 1% risk of failure)
Confirm with . or Enter, or press ? or * to list all spells.
Flames lash Duvessa.
Duvessa is almost dead.
Duvessa hits you but does no damage.
You hit Duvessa.
Duvessa is almost dead.
Duvessa hits you with a +1 short sword of flaming.
* * * LOW HITPOINT WARNING * * *
Duvessa burns you.
* * * LOW HITPOINT WARNING * * *
Duvessa hits you with a +1 short sword of flaming.
* * * LOW HITPOINT WARNING * * *
Duvessa burns you.
* * * LOW HITPOINT WARNING * * *
Duvessa misses you.
You fade into invisibility!
Duvessa hits you with a +1 short sword of flaming.
You die...

#.####.#
#.# #.#
#.# #.#
#.# #.#
#<# #.#
#.# #.#
#.# #.#
#.# #@#
#e# #.#
#.#
#.##.$
#.##..
#.##eS
#.##g#
#.##g#


You could see Duvessa (berserk, unable to see you, combustible).

Vanquished Creatures
  Sigmund (D:3)
  Menkaure (D:4)
  Dowan (D:4)
  2 orc priests (D:3)
  4 gnolls (D:4)
  7 adders
  A worm (D:3)
  A dart slug (D:4)
  12 orcs
  7 ball pythons
  7 bats
  8 endoplasms
  2 giant cockroaches
  8 goblins
  7 hobgoblins
  4 jackals (D:4)
  2 quokkas (D:2)
  6 frilled lizards
  7 kobolds
  7 rats
95 creatures vanquished.

Vanquished Creatures (others)
  A bat (D:1)
  258 foxfires
259 creatures vanquished.

Grand Total: 354 creatures vanquished

Notes
Turn   | Place    | Note
-------+----------+-------------------------------------------
     0 | D:1      | funkygono the Gargoyle Fire Elementalist began the quest
                  | for the Orb.
     0 | D:1      | Reached XP level 1. HP: 10/10 MP: 3/3
   132 | D:1      | Reached XP level 2. HP: 15/15 MP: 0/5
   140 | D:1      | Learned a level 2 spell: Scorch
   448 | D:1      | Found a faded altar of an unknown god.
   724 | D:1      | Reached XP level 3. HP: 19/19 MP: 1/6
  1010 | D:2      | Found Tiokimmo's Antique Weapon Shoppe.
  1252 | D:2      | Reached XP level 4. HP: 24/24 MP: 1/8
  1263 | D:2      | Learned a level 4 spell: Flame Wave
  1633 | D:2      | Reached skill level 1 in Fighting
  1770 | D:3      | Noticed Sigmund
  1782 | D:3      | Killed Sigmund
  1783 | D:3      | Reached skill level 4 in Fire Magic
  1783 | D:3      | Reached XP level 5. HP: 25/29 MP: 1/10
  1783 | D:3      | Reached XP level 6. HP: 29/34 MP: 1/11
  2100 | D:3      | Identified the +1 war axe of Geohad {antimagic, rF- rCorr
                  | Int+3}
  2400 | D:3      | Found a burning altar of Makhleb.
  2568 | D:4      | Noticed Menkaure
  2574 | D:4      | Killed Menkaure
  2575 | D:4      | Reached skill level 5 in Fire Magic
  2575 | D:4      | Reached XP level 7. HP: 31/38 MP: 8/13
  3137 | D:4      | Noticed Dowan
  3139 | D:4      | Noticed Duvessa
  3252 | D:4      | Killed Dowan
  3333 | D:4      | HP: 1/38 [Duvessa/+1 short sword of flaming (1)]
  3334 | D:4      | Slain by Duvessa

Illustrated notes

Levels and vault maps discovered:
D:1:      shiori_arrival_oz, layout_loops_cross,
          ebering_ecumenical_altar_abandoned, minmay_misc_feat_room,
          feat_on_display
D:2:      layout_rooms, serial_shops, shop
D:3:      layout_rooms, bloody_makhleb, uniq_sigmund
D:4:      layout_loops_ring, uniq_eustachio, uniq_duvessa, uniq_menkaure

Skill      XL: |  1  2  3  4  5  6 |
---------------+-------------------+-----
Dodging        | 2 |  2.3
Fighting       | 1 |  1.1
Spellcasting   | 3 4 |  4.5
Conjurations   | 2 3 |  3.4
Fire Magic     | 4 5 |  5.3
Maces & Flails | |  0.8
Stealth        | |  2.1

Action                     |  1- 3 |  4- 6 |  7- 9 || total
---------------------------+-------+-------+-------++-------
  Melee: Whip              |     1 |     6 |     3 ||    10
         Unarmed           |     1 |       |       ||     1
         Punch             |       |     1 |       ||     1
   Cast: Foxfire           |    52 |    67 |    29 ||   148
         Scorch            |     6 |     4 |    17 ||    27
    Use: Scroll            |       |    11 |       ||    11
         Potion            |       |     1 |     1 ||     2
 Armour: Robe              |    10 |    10 |     4 ||    24
  Dodge: Dodged            |    26 |     7 |     9 ||    42

Table legend: (Time is in decaauts)
 A = Elapsed time spent in this place.
 B = Non-inter-level travel time spent in this place.
 C = Inter-level travel time spent in this place.
 D = Time resting spent in this place.
 E = Time spent auto-exploring this place.
 F = Levels seen in this place.
 G = Mean time per level.
                   A        B        C        D        E       F      G
               +--------+--------+--------+--------+--------+-----+--------+
         Total |   3341 |   3280 |     61 |    162 |   2508 |   4 |  835.2 |
       Dungeon |   3341 |   3280 |     61 |    162 |   2508 |   4 |  835.2 |
               +--------+--------+--------+--------+--------+-----+--------+

Top non-repeatable levels by time:
     D:1: 1136 daAuts
     D:3: 791 daAuts
     D:2: 707 daAuts
     D:4: 705 daAuts
